 Dungeon Crawl Stone Soup version 0.24.0-1-gfbc8707122 (webtiles) character file.

Game seed: 16575663127523262017, levelgen mode: deterministic

109 MTVSty1e the Skirmisher (level 4, -5/43 HPs)
             Began as a Gargoyle Fighter on Oct 28, 2019.
             Killed by divine providence
             ... invoked by an orc priest
              (15 damage)
             ... on level 3 of the Dungeon.
             The game lasted 00:02:09 (1421 turns).

MTVSty1e the Skirmisher (Gargoyle Fighter)          Turns: 1421, Time: 00:02:09

Health: -5/43      AC: 22    Str: 20    XL:     4   Next: 90%
Magic:  4/4        EV:  2    Int:  9    God:
Gold:   37         SH:  9    Dex:  9    Spells: 3/3 levels left

rFire    . . .     SeeInvis .   a - +0 flail
rCold    . . .     Gourm    .   c - +0 shield
rNeg     + + +     Faith    .   (armour currently unavailable)
rPois    ∞         Spirit   .   (helmet currently unavailable)
rElec    .         Reflect  .   (cloak currently unavailable)
rCorr    .         Harm     .   (gloves currently unavailable)
MR       .....     NoTele   +   (boots currently unavailable)
Stlth    +.........             g - amulet of rage
HPRegen  0.14/turn              (no ring)
MPRegen  0.09/turn              (no ring)

@: tree-form
A: negative energy resistance 1, petrification resistance, rot immunity, AC +3
a: Evoke Berserk Rage


You were on level 3 of the Dungeon.
You were very hungry.
You were a tree.
You visited 1 branch of the dungeon, and saw 3 of its levels.

You collected 37 gold pieces.

Inventory:

Hand Weapons
 a - a +0 flail (weapon)
Armour
 b - a +0 scale mail
 c - a +0 shield (worn)
 h - a +0 plate armour (melded)
Jewellery
 g - an amulet of rage (around neck)
Scrolls
 e - a scroll of fear {unknown}
 j - a scroll of remove curse {unknown}
 k - a scroll of identify {unknown}
Comestibles
 f - 3 rations


   Skills:
 + Level 4.3 Fighting
 * Level 4.2 Maces & Flails
 - Level 3.2 Armour
 - Level 3.2 Shields


You had 3 spell levels left.
You didn't know any spells.
Your spell library was empty.

Dungeon Overview and Level Annotations

Branches:
Dungeon (3/15)

Altars:
Dithmenos


Innate Abilities, Weirdness & Mutations

You are resistant to torment.
((Your stone body is resilient. (AC +3)))
You are immune to poison.
You resist negative energy. (rN+)
((You are resistant to electric shocks. (rElec)))
((You can survive without breathing.))
You are immune to petrification.
You are immune to rotting.


Message History

The orc priest invokes the aid of Beogh against you.
Pain shoots through your body! The orc hits you but does no damage.
Your shield and plate armour prevent you from hitting the orc priest.
The orc priest is almost dead.
The orc priest invokes the aid of Beogh against you.
Beogh smites you!
* * * LOW HITPOINT WARNING * * *
You block the orc's attack. The kobold barely misses you.
The orc priest looks braver for a moment.
The orc hits you but does no damage. x2
You are too injured to fight recklessly!
The kobold throws a stone.
The stone hits you but does no damage.
You see here a stone.
You see here a lumpy sapphire potion.
It was a potion of lignification.
You turn into a tree.
Your +0 plate armour melds into your body.
Your roots penetrate the ground.
The orc priest invokes the aid of Beogh against you.
Beogh smites you!
You die...

...######## .....
.#......... ....#.#
.#.######## ##....#.# ##.#
#.<.w.... ##.# #........
...# #........ ##.#
#)b......
#.################ob......
#.....(.((...[)♣.oog......
#.################K.......
#(# #........ #.#
#........ #.# #########
#.# #.# #.


You could see an orc priest, 2 orcs, a hobgoblin, a bat and a kobold.

Vanquished Creatures
  An orc wizard (D:3)
  2 adders (D:2)
  A worm (D:3)
  A dart slug (D:1)
  A leopard gecko (D:1)
  7 orcs (D:3)
  2 giant cockroaches (D:1)
  4 hobgoblins
  3 jackals (D:2)
  7 bats
  A frilled lizard (D:2)
  9 goblins
  5 kobolds
  5 rats
49 creatures vanquished.

Notes
Turn   | Place    | Note
-------+----------+-------------------------------------------
     0 | D:1      | MTVSty1e the Gargoyle Fighter began the quest for the Orb.
     0 | D:1      | Reached XP level 1. HP: 14/14 MP: 1/1
    69 | D:1      | Reached XP level 2. HP: 16/19 MP: 2/2
   408 | D:1      | Reached XP level 3. HP: 24/24 MP: 3/3
   996 | D:2      | Reached XP level 4. HP: 29/29 MP: 4/4
  1298 | D:3      | Found a shadowy altar of Dithmenos.
  1421 | D:3      | Killed from afar by an orc priest

Levels and vault maps discovered:
D:1:      eino_arrival_druids_welcome, layout_loops_ring
D:2:      layout_loops_cross
D:3:      layout_loops_ring, old_standard_altar, gup_sewer_entry_glass,
          uniq_jessica, uniq_natasha, uniq_sigmund

Skill      XL: |  1  2  3  4 |
---------------+-------------+-----
Maces & Flails | 3 4 |  4.2
Fighting       | 4 |  4.3
Armour         | |  3.2
Shields        | |  3.2

Action                   |  1- 3 |  4- 6 || total
-------------------------+-------+-------++-------
Melee: Flail             |   146 |    45 ||   191
  Use: Potion            |       |     2 ||     2
  Eat: Chunk             |       |     1 ||     1
Armor: Scale mail        |    53 |       ||    53
       Plate armour      |    71 |    42 ||   113
Dodge: Dodged            |    55 |     7 ||    62
Block: Shield            |   110 |    28 ||   138
